 Dungeon Crawl Stone Soup version 0.27.1-1-g398f81649c (webtiles) character file.

Game seed: 6244163258309215383

207 chaosape the Fighter (level 5, 0/76 HPs)
             Began as a Gnoll Wanderer on Sept 20, 2021.
             Was an Initiate of Ru.
             Succumbed to an adder's poison
             ... on level 3 of the Dungeon.
             The game lasted 00:10:16 (4497 turns).

chaosape the Fighter (Gnoll Wanderer)               Turns: 4497, Time: 00:10:16

Health: 0/76       AC: 22    Str: 11 (13) XL:     5   Next: 85%
Magic:  7/7        EV:  2    Int:  9 (12) God:    Ru [......]
Gold:   47         SH:  0    Dex:  9 (10) Spells: 7/7 levels left

rFire    . . .     SeeInvis .   j - +1 dagger (venom)
rCold    . . .     Faith    .   (no shield)
rNeg     + + +     Spirit   .   (armour currently unavailable)
rPois    +         Reflect  .   (helmet currently unavailable)
rElec    .         Harm     .   (cloak currently unavailable)
rCorr    .         Rampage  .   (gloves currently unavailable)
Will     .....     NoTele   +   (boots currently unavailable)
Stlth    ++........             (no amulet)
HPRegen  0.22/turn              (no ring)
MPRegen  0.10/turn              (no ring)

@: lethally poisoned (0 -> -1), tree-form, hasted, very quick
A: stationary, stasis, torment immunity, boosted hp, (fangs 1), strong nose,
distributed training
a: Renounce Religion


You were on level 3 of the Dungeon.
You worshipped Ru.
Ru was noncommittal.
You were a tree.
You visited 1 branch of the dungeon, and saw 3 of its levels.

You collected 47 gold pieces.

Inventory:

Hand Weapons
 a - a +0 dagger
 j - a +1 dagger of venom (weapon)
 k - a +0 war axe
 l - a +0 hand axe
Missiles
 b - 2 throwing nets
 c - 9 poisoned darts (quivered)
 r - 30 arrows
 u - 5 boomerangs
 v - 20 bolts
Armour
 d - a +2 leather armour (melded)
 e - a +0 ring mail
Jewellery
 p - an amulet of faith
Scrolls
 f - a scroll of fear
 g - a scroll of magic mapping {unknown}
 h - a scroll of enchant weapon {unknown}
 i - 3 scrolls of teleportation
 o - a scroll of identify
 q - a scroll of blinking {unknown}
 t - 2 scrolls of amnesia {unknown}
Potions
 m - a potion of haste
 n - a potion of lignification
 s - a potion of degeneration


   Skills:
 + Level 8.7 Fighting
 + Level 1.6 Short Blades
 + Level 1.6 Long Blades
 + Level 1.6 Axes
 + Level 1.6 Maces & Flails
 + Level 1.6 Polearms
 + Level 3.1 Staves
 + Level 1.6 Slings
 + Level 1.6 Bows
 + Level 1.6 Crossbows
 + Level 4.8 Throwing
 + Level 1.6 Armour
 + Level 4.8 Dodging
 + Level 2.9 Stealth
 + Level 1.6 Shields
 + Level 1.6 Unarmed Combat
 + Level 1.6 Spellcasting
 + Level 1.3 Conjurations
 + Level 1.3 Hexes
 + Level 1.3 Summonings
 + Level 1.3 Necromancy
 + Level 1.3 Translocations
 + Level 1.3 Transmutations
 + Level 1.3 Fire Magic
 + Level 1.3 Ice Magic
 + Level 1.3 Air Magic
 + Level 1.3 Earth Magic
 + Level 1.3 Poison Magic
 + Level 1.9 Invocations
 + Level 1.6 Evocations


You had 7 spell levels left.
You didn't know any spells.
Your spell library contained the following spells:

 Spells                   Type           Power      Damage    Failure   Level
 Foxfire                  Conj/Fire      12%        2x1d4     21%         1
 Conjure Flame            Conj/Fire      3%         6-21      52%         3
 Inner Flame              Hex/Fire       3%         N/A       52%         3


Dungeon Overview and Level Annotations

Branches:
Dungeon (3/15)

Altars:
Ru


Innate Abilities, Weirdness & Mutations

You are a tree.
Your roots penetrate the ground, keeping you stationary.
You cannot be teleported.
You are immune to unholy pain and torment.
Your maximum health is greatly increased.
Your equipment is partially melded.
((You have very sharp teeth.))
Your uncanny sense of smell can sniff out nearby items.
Your experience applies equally to all skills.


Message History

You miss the adder. The adder closely misses you. The gnoll barely misses you.
You hit the adder.
The adder is poisoned.
The adder is lightly wounded.
The adder bites you but does no damage.
You closely miss the adder.
The adder is lightly wounded.
The adder completely misses you. The gnoll hits you with a +0 club.
You hit the gnoll but do no damage.
The gnoll looks as sick as possible!
The gnoll is heavily wounded.
The adder bites you but does no damage. The gnoll hits you with a +0 club!
* * * LOW HITPOINT WARNING * * *
The adder bites you.
* * * LOW HITPOINT WARNING * * *
Okay, then.
It was a potion of haste.
You feel yourself speed up. The gnoll barely misses you. The adder bites you.
* * * LOW HITPOINT WARNING * * *
You are lethally poisoned!
The adder poisons you!
It was a potion of lignification.
You turn into a tree.
Your +2 leather armour melds into your body.
Your roots penetrate the ground.
* * * LOW HITPOINT WARNING * * *
You feel sick. The gnoll hits you but does no damage.
The adder bites you but does no damage.
It was a potion of degeneration.
There was something very wrong with that liquid.
You feel weakened.
You feel dopey.
You feel clumsy.
* * * LOW HITPOINT WARNING * * *
You feel sick.
You kill the gnoll!
The adder dissolves into shadows!
* * * LOW HITPOINT WARNING * * *
You feel sick.
You hit the gnoll.
The gnoll is poisoned.
The gnoll is moderately wounded.
The gnoll hits you but does no damage.
You closely miss the gnoll.
The gnoll is moderately wounded.
You die...

#.#####....#
#
#.#......###
# #.#.###.##
♣♣ ♣ ♣##.#.#
#.# ♣P
#.#...#.#
#.# ♣♣
♣.♣.♣...#
#.# ♣P
#.....###
#.# ♣♣
♣#♣.♣.# #.#
#[ #♣)#.#
#.# #.
#g##.# ..#
#.
#......>...
#..####.
#..###.###.
........ #.#
#.# #.#####.
#. #.# #. ..
#. ## #. #.


You could see a gnoll (very poisoned).

Vanquished Creatures
  Jessica (D:3)
  9 gnolls
  2 adders (D:3)
  A worm (D:3)
  3 dart slugs
  2 orcs (D:3)
  6 endoplasms
  3 giant cockroaches
  4 goblins
  A hobgoblin (D:2)
  4 jackals (D:1)
  6 quokkas
  4 ball pythons
  8 bats
  2 frilled lizards
  11 kobolds
  4 rats
71 creatures vanquished.

Vanquished Creatures (others)
  6 plants (D:3)
6 creatures vanquished.

Grand Total: 77 creatures vanquished

Notes
Turn   | Place    | Note
-------+----------+-------------------------------------------
     0 | D:1      | chaosape the Gnoll Wanderer began the quest for the Orb.
     0 | D:1      | chaosape set off with the following items: a +0 dagger, a
                  | potion of curing, 10 poisoned darts, a +2 leather armour
     0 | D:1      | Reached XP level 1. HP: 26/26 MP: 1/1
   279 | D:1      | Reached XP level 2. HP: 25/33 MP: 2/2
  1017 | D:1      | Reached XP level 3. HP: 29/38 MP: 3/3
  2415 | D:2      | Reached skill level 1 in Invocations
  2491 | D:2      | Reached skill level 1 in Short Blades
  2491 | D:2      | Reached skill level 1 in Long Blades
  2491 | D:2      | Reached skill level 1 in Axes
  2491 | D:2      | Reached skill level 1 in Maces & Flails
  2491 | D:2      | Reached skill level 1 in Polearms
  2491 | D:2      | Reached skill level 1 in Slings
  2491 | D:2      | Reached skill level 1 in Bows
  2491 | D:2      | Reached skill level 1 in Crossbows
  2491 | D:2      | Reached skill level 1 in Armour
  2491 | D:2      | Reached skill level 1 in Shields
  2491 | D:2      | Reached skill level 1 in Unarmed Combat
  2491 | D:2      | Reached skill level 1 in Spellcasting
  2491 | D:2      | Reached skill level 1 in Evocations
  2491 | D:2      | Reached XP level 4. HP: 16/45 MP: 5/5
  3071 | D:2      | Reached skill level 1 in Conjurations
  3071 | D:2      | Reached skill level 1 in Hexes
  3071 | D:2      | Reached skill level 1 in Summonings
  3071 | D:2      | Reached skill level 1 in Necromancy
  3071 | D:2      | Reached skill level 1 in Translocations
  3071 | D:2      | Reached skill level 1 in Transmutations
  3071 | D:2      | Reached skill level 1 in Fire Magic
  3071 | D:2      | Reached skill level 1 in Ice Magic
  3071 | D:2      | Reached skill level 1 in Air Magic
  3071 | D:2      | Reached skill level 1 in Earth Magic
  3071 | D:2      | Reached skill level 1 in Poison Magic
  3525 | D:3      | Found a faded altar of an unknown god.
  3529 | D:3      | Noticed Jessica
  3541 | D:3      | Killed Jessica
  3542 | D:3      | Reached XP level 5. HP: 51/51 MP: 6/6
  3929 | D:3      | Found a sacrificial altar of Ru.
  3944 | D:3      | Became a worshipper of Ru the Awakened
  4492 | D:3      | HP: 2/51 [adder[a gnoll] (3)]
  4497 | D:3      | Succumbed to an adder's poison

Illustrated notes

Levels and vault maps discovered:
D:1:      giann_horns, layout_basic, st_stairs_5
D:2:      layout_basic
D:3:      layout_rooms, mainiacjoe_overflow_surrounded_room, serial_shops, shop,
          basic_ecumenical_altar, serial_forest, infiniplex_forest_clump_medium,
          infiniplex_forest_fountain, infiniplex_forest_clump_tiny,
          infiniplex_forest_straight_4, infiniplex_forest_clump_small,
          infiniplex_forest_side_room, infiniplex_forest_lined_corner,
          minmay_close_crescents, uniq_jessica

Skill      XL: |  1  2  3  4  5 |
---------------+----------------+-----
Invocations    | 1 |  1.9
Short Blades   | 1 |  1.6
Long Blades    | 1 |  1.6
Axes           | 1 |  1.6
Maces & Flails | 1 |  1.6
Polearms       | 1 |  1.6
Slings         | 1 |  1.6
Bows           | 1 |  1.6
Crossbows      | 1 |  1.6
Armour         | 1 |  1.6
Shields        | 1 |  1.6
Unarmed Combat | 1 |  1.6
Spellcasting   | 1 |  1.6
Evocations     | 1 |  1.6
Conjurations   | 1 |  1.3
Hexes          | 1 |  1.3
Summonings     | 1 |  1.3
Necromancy     | 1 |  1.3
Translocations | 1 |  1.3
Transmutations | 1 |  1.3
Fire Magic     | 1 |  1.3
Ice Magic      | 1 |  1.3
Air Magic      | 1 |  1.3
Earth Magic    | 1 |  1.3
Poison Magic   | 1 |  1.3
Staves         | 3 |  3.1
Fighting       | |  8.7
Throwing       | |  4.8
Dodging        | |  4.8
Stealth        | |  2.9

Action                   |  1- 3 |  4- 6 || total
-------------------------+-------+-------++-------
Melee: Dagger            |   218 |   119 ||   337
       Bite              |    15 |    10 ||    25
       Punch             |     1 |       ||     1
Throw: Dart              |       |     5 ||     5
  Use: Potion            |     1 |     3 ||     4
       Scroll            |       |     2 ||     2
 Stab: Sleeping          |     3 |     2 ||     5
Armor: Leather armour    |   101 |    25 ||   126
       Skin              |       |     3 ||     3
Dodge: Dodged            |   169 |    67 ||   236
